AoeStats
← Fame

Oasis

510180338Analyzed
2v2 RM · 2d ago on Sep 29, 2026· 45m 28s· 4 players
Game mode
Random Map
Map size
Medium (4 player)
Population
200
Speed
Normal
Resources
Standard
Victory
Conquest
Starting age
Dark Age
Ending age
Imperial Age
RankedLock teamsTeams togetherTeam positionsShared explorationLock speedFull tech treeHidden civsTurbo modeCheats
Victory
Defeat
🇦🇷 Spanish · Argentina
1299
+12
🇦🇷 Magyars · Argentina
1290
+13
🇹🇷 Teutons · Türkiye
1228
-13
🇹🇷 Byzantines · Türkiye
1212
-12
Fame
7:32 Loom
10:38 Feudal Age
16:42 Castle Age
14:48 Double-Bit Axe
14:46 Horse Collar
22:32 Wheelbarrow
22:59 Heavy Plow
24:38 Bow Saw
26:15 Squires
26:30 Forging
26:24 Scale Mail Armor
27:30 Hand Cart
29:25 Iron Casting
29:05 Chain Mail Armor
29:14 Gold Mining
33:02 Imperial Age
31:52 Chain Mail Armor
35:02 Chemistry
33:54 Elite Varangian Guard
35:06 Plate Mail Armor
34:27 Fletching
35:46 Gold Shaft Mining
37:15 Bodkin Arrow
38:15 Elite Skirmisher
38:59 Bracer
39:01 Padded Archer Armor
39:44 Thumb Ring
41:09 Two-Man Saw
42:38 Leather Archer Armor
43:08 Conscription
45:34 Ring Archer Armor
taaaaazzyy
7:27 Loom
9:56 Feudal Age
12:01 Double-Bit Axe
12:26 Horse Collar
19:36 Castle Age
18:11 Bloodlines
18:10 Scale Barding Armor
22:12 Elite Skirmisher
23:16 Bow Saw
23:32 Heavy Plow
24:23 Gold Mining
25:19 Wheelbarrow
24:59 Fletching
25:26 Padded Archer Armor
27:23 Hand Cart
28:12 Ballistics
28:14 Bodkin Arrow
28:35 Leather Archer Armor
34:31 Imperial Age
32:20 Forging
34:44 Caravan
35:56 Iron Casting
35:43 Chain Barding Armor
36:45 Two-Man Saw
36:22 Conscription
35:43 Cavalier
36:43 Masonry
39:41 Squires
39:02 Pikeman
40:27 Crop Rotation
40:00 Scale Mail Armor
41:10 Chemistry
40:07 Gambesons
Lautib7
9:17 Loom
11:36 Feudal Age
15:52 Castle Age
14:07 Double-Bit Axe
16:02 Scale Barding Armor
17:28 Town Watch
19:18 Scale Barding Armor
23:50 Wheelbarrow
25:23 Horse Collar
26:24 Stone Mining
26:24 Gold Mining
26:38 Heavy Plow
30:55 Imperial Age
29:10 Bow Saw
30:32 Chain Barding Armor
30:52 Gold Shaft Mining
31:21 Fletching
31:32 Padded Archer Armor
32:16 Crop Rotation
33:27 Plate Barding Armor
34:04 Two-Man Saw
34:20 Bodkin Arrow
34:41 Leather Archer Armor
35:42 Chemistry
34:52 Thumb Ring
34:23 Crossbowman
35:40 Ballistics
36:13 Parthian Tactics
36:03 Bracer
37:11 Recurve Bow
37:24 Heavy Cavalry Archer
39:06 Ring Archer Armor
39:42 Husbandry
39:28 Light Cavalry
41:59 Bloodlines
41:25 Capped Ram
42:47 Hussar
44:43 Elite Magyar Huszar
Meci
5:54 Loom
9:23 Feudal Age
9:55 Double-Bit Axe
18:11 Castle Age
16:39 Horse Collar
17:35 Stone Mining
19:19 Bow Saw
19:51 Bloodlines
19:41 Husbandry
20:59 Heavy Plow
32:25 Imperial Age
30:37 Gold Mining
31:33 Padded Archer Armor
32:26 Wheelbarrow
31:36 Town Watch
32:11 Scale Barding Armor
32:53 Forging
33:16 Town Watch
33:53 Chain Barding Armor
35:12 Chemistry
35:02 Iron Casting
34:50 Leather Archer Armor
35:25 Plate Barding Armor
36:00 Two-Man Saw
34:51 Cavalier
39:51 Blast Furnace
40:19 Ring Archer Armor
40:54 Hand Cart
40:39 Town Patrol
41:16 Stone Shaft Mining
41:52 Paladin
Connection lost

Rejoining the realm…

Still unreachable

The connection could not be restored.

Session expired

The server has moved on; the page needs a fresh start.